 Dungeon Crawl Stone Soup version 0.31-a0-188-g5e087ee2ca (webtiles) character file.

Game seed: 9593905961868011107

26 qw the Shooter (level 2, -1/16 HPs)
             Began as a Deep Elf Hunter on June 23, 2023.
             Killed from afar by Sigmund (10 damage)
             ... with a puff of flame
             ... on level 2 of the Dungeon.
             The game lasted 00:00:19 (781 turns).

qw the Shooter (Deep Elf Hunter)                     Turns: 781, Time: 00:00:19

Health: -1/16      AC:  3    Str:  8    XL:     2   Next: 89%
Magic:  4/4        EV: 12    Int: 13    God:
Gold:   71         SH:  0    Dex: 18    Spells: 1/1 levels left

rFire   . . .        Y - +0 shortbow
rCold   . . .        (shield currently unavailable)
rNeg    . . .        c - +0 leather armour
rPois   .            (no helmet)
rElec   .            (no cloak)
rCorr   .            (no gloves)
SInv    +            (no boots)
Will    .....        (no amulet)
Stlth   ++           f - ring of see invisible
HPRegen 0.22/turn    (no ring)
MPRegen 0.09/turn

%: no passive effects
@: no status effects
A: no striking features
a: no special abilities


You were on level 2 of the Dungeon.
You visited 1 branch of the dungeon, and saw 2 of its levels.

You collected 71 gold pieces.


   Skills:
 - Level 1.5 Fighting
 + Level 6.6 Ranged Weapons
 - Level 2.4 Dodging
 - Level 1.2 Stealth


You had one spell level left.
You didn't know any spells.
Your spell library was empty.

Inventory:

Hand Weapons
 Y - a +0 shortbow (weapon)
Armour
 c - a +0 leather armour (worn)
Jewellery
 f - a ring of see invisible (left hand)
Scrolls
 g - a scroll of identify
Potions
 d - a potion of heal wounds {unknown}
 h - a potion of lignification {unknown}
 i - a potion of haste
 j - a potion of enlightenment {unknown}

Dungeon Overview and Level Annotations

Branches:
Dungeon (2/15)

Altars:

Annotations:
D:2 Sigmund


Message History

Enter note:
Enter note: You start resting.
Your extra speed is starting to run out.
You feel yourself slow down.
HP restored.
Partly explored, can't reach some places.
(D) Dungeon
Where to? (* - list waypoints, Enter - D:2, ? - help)
What level of the Dungeon? (default 1, ? - help)
You climb downwards.
Level annotation: Sigmund
There is a stone staircase leading up here.
A hobgoblin comes into view.
The hobgoblin shouts!
You shoot an arrow. The arrow hits the hobgoblin.
You kill the hobgoblin!
There is a stone staircase leading up here.
Found a spear.
You see here a hobgoblin corpse.
Sigmund is nearby!
You shoot an arrow.
The arrow hits Sigmund but does no damage.
Sigmund casts a spell at you. The magic dart hits you!
Ouch! That really hurt!
You shoot an arrow. The arrow barely misses Sigmund.
Sigmund gestures at you while chanting. The puff of flame misses you.
You shoot an arrow. The arrow hits Sigmund!
Sigmund is moderately wounded.
You shoot an arrow. The arrow hits Sigmund.
Sigmund is heavily wounded.
You shoot an arrow. The arrow hits Sigmund.
Sigmund is heavily wounded.
You shoot an arrow. The arrow barely misses Sigmund.
Sigmund points at you and mumbles some strange words.
The puff of flame hits you!
Ouch! That really hurt!
You die...

#.. #.# . #.# .. #.# .)
#.########.# #.##......
#.##.##.##
######@.@.%...# #######
#.......#.##.####......
#.#####.#.##.<...<#####
#.#.######### #.#..
#.### ..# #.# #.#


You could see Sigmund.

Vanquished Creatures
  A ball python (D:1)
  4 hobgoblins
  4 jackals (D:1)
  4 kobolds (D:1)
  2 quokkas (D:1)
  2 bats (D:1)
  4 goblins (D:1)
  A rat (D:1)
22 creatures vanquished.

Notes
Turn   | Place    | Note
-------+----------+-------------------------------------------
     0 | D:1      | qw the Deep Elf Hunter began the quest for the Orb.
     0 | D:1      | Reached XP level 1. HP: 12/12 MP: 3/3
     0 | D:1      | 0 ||| qw: Version: 0.3-a-9-g12657ce
     0 | D:1      | 0 ||| qw: Game counter: 3767
     0 | D:1      | 0 ||| qw: Always use a shield: true
     0 | D:1      | 0 ||| qw: God list: Okawaru
     0 | D:1      | 0 ||| qw: Allow faded altars: false
     0 | D:1      | 0 ||| qw: Do Orc after D:15 true
     0 | D:1      | 0 ||| qw: Do second Lair branch before Depths: true
     0 | D:1      | 0 ||| qw: Lair rune preference: random
     0 | D:1      | 0 ||| qw: Plans: Normal
     0 | D:1      | 0 ||| PLANNING D:1-11
   207 | D:1      | Reached skill level 6 in Ranged Weapons
   207 | D:1      | Reached XP level 2. HP: 16/16 MP: 4/4
   390 | D:1      | 390 ||| FLEEEEING.
   391 | D:1      | 391 ||| FLEEEEING.
   392 | D:1      | 392 ||| FLEEEEING.
   393 | D:1      | 393 ||| FLEEEEING.
   672 | D:1      | 672 ||| UPGRADING to ring of see invisible.
   673 | D:1      | 673 ||| READING scroll labelled KIECHO RAEPESU.
   676 | D:1      | 676 ||| READING 2 scrolls labelled RIHINAD VOKOC.
   677 | D:1      | 677 ||| READING scroll labelled RUET DUYNYU.
   678 | D:1      | 678 ||| DRINKING 2 amethyst potions.
   679 | D:1      | 679 ||| DROPPING scroll of butterflies.
   706 | D:2      | Noticed Sigmund
   709 | D:2      | 709 ||| FLEEEEING.
   715 | D:2      | 715 ||| STAIRDANCE
   781 | D:2      | Killed from afar by Sigmund

Levels and vault maps discovered:
D:1:      lightli_arrival_lavapool, layout_loops_ring
D:2:      layout_loops_cross, hellmonk_ecumenical_altar_dog_temple, uniq_sigmund

Skill      XL: |  1 |
---------------+----+-----
Ranged Weapons | 6 |  6.6
Fighting       | |  1.5
Dodging        | |  2.4
Stealth        | |  1.2

Action                     || total
---------------------------++-------
   Fire: Shortbow          ||    61
    Use: Scroll            ||     3
         Potion            ||     1
 Armour: Leather armour    ||    12
  Dodge: Dodged            ||     9

Table legend:
 A = Non-vault XP
 B = Vault XP
 C = Vault XP percentage of total XP
 D = Non-vault monster count
 E = Vault monster count
 F = Vault count percentage of total count
                 A         B        C        D         E       F
            +---------+---------+-------+---------+---------+-------
      Total |      38 |       0 |   0.0 |      22 |       0 |   0.0
            +---------+---------+-------+---------+---------+-------
        D:1 |      36 |       0 |   0.0 |      21 |       0 |   0.0
        D:2 |       2 |       0 |   0.0 |       1 |       0 |   0.0
            +---------+---------+-------+---------+---------+-------
